 Dungeon Crawl Stone Soup version 0.29-a0-490-g77b3608bb8 (webtiles) character file.

Game seed: 4484507024967228464

691 siradein the Skirmisher (level 7, -1/56 HPs)
             Began as a Demonspawn Berserker on May 26, 2022.
             Was a Believer of Trog.
             Slain by a gnoll
             ... wielding a +0 halberd
              (5 damage)
             ... on level 5 of the Dungeon.
             The game lasted 00:06:27 (4516 turns).

siradein the Skirmisher (Demonspawn Berserker)      Turns: 4516, Time: 00:06:28

Health: -1/56      AC: 11    Str: 20    XL:     7   Next: 36%
Magic:  7/7        EV:  9    Int:  8    God:    Trog [**....]
Gold:   124        SH:  0    Dex: 12    Spells: 6/6 levels left

rFire   . . .      SeeInvis .     - Unarmed
rCold   . . .      Faith    .   (no shield)
rNeg    . . .      Spirit   .   u - +0 chain mail
rPois   .          Reflect  .   (helmet restricted)
rElec   .          Harm     .   h - +0 cloak
rCorr   .          Rampage  .   (no gloves)
Will    ++...                   l - +0 pair of boots
Stlth   ..........              (no amulet)
HPRegen 1.18/turn               (no ring)
MPRegen 0.10/turn               (no ring)

@: strong-willed, on berserk cooldown, regenerating, slowed, very slow
A: hooves 1, horns 2, ignite blood 2, demonic touch 1
a: Renounce Religion, Berserk, Trog's Hand


You were on level 5 of the Dungeon.
You worshipped Trog.
Trog was pleased with you.
You visited 1 branch of the dungeon, and saw 5 of its levels.

You collected 124 gold pieces.

Inventory:

Missiles
 s - 2 boomerangs (quivered)
 t - 15 poisoned darts
Armour
 h - a +0 cloak (worn)
 l - a +0 pair of boots (worn)
 u - a +0 chain mail (worn)
Jewellery
 b - a ring of fire
Wands
 q - a wand of digging (4)
Scrolls
 c - a scroll of enchant armour {unknown}
 d - 5 scrolls of identify {unknown}
 e - a scroll of noise {unknown}
 f - a scroll of poison {unknown}
 j - 2 scrolls of vulnerability {unknown}
 k - a scroll of enchant weapon {unknown}
 m - 7 scrolls of teleportation {unknown}
 n - a scroll of magic mapping {unknown}
 o - 2 scrolls of amnesia {unknown}
 p - a scroll of immolation {unknown}
 w - a scroll of torment {unknown}
 x - a scroll of fog {unknown}
Potions
 a - 3 potions of resistance {unknown}
 g - 2 potions of haste {unknown}
 i - a potion of cancellation {unknown}
 r - 3 potions of heal wounds {unknown}
 v - a potion of degeneration {unknown}


   Skills:
 + Level 5.0 Fighting
 - Level 2.9 Axes
 + Level 4.0 Armour
 + Level 4.0 Dodging
 + Level 3.2 Unarmed Combat


You had 6 spell levels left.
You didn't know any spells.
Your spell library was empty.

Dungeon Overview and Level Annotations

Branches:
Dungeon (5/15)
 Temple: D:4-7

Altars:
Fedhas
Makhleb
Okawaru
Qazlal

Shops:
D:1 (   D:5 (


Innate Abilities, Weirdness & Mutations

You have large cloven feet.
You have a pair of horns on your head.
Your demonic aura often causes spilled blood to erupt in flames.
Your touch may inflict minor irresistible damage on your foes.


Message History

You struggle against the net.
You feel a strong urge to attack something.
The scorpion stings you.
* * * LOW HITPOINT WARNING * * *
The gnoll hits you but does no damage.
You tear a large gash into the net.
The scorpion stings you but does no damage.
The gnoll barely misses you.
You shred the net and break free!
You feel your anger nearly subside. The scorpion stings you.
* * * LOW HITPOINT WARNING * * *
You are no longer berserk.
You are exhausted.
You feel yourself slow down. The gnoll closely misses you.
Things that are here:
a +0 flail; a gnoll corpse The scorpion is engulfed in blazing flames.
The gnoll closely misses you.
You barely miss the gnoll.
The gnoll is lightly wounded.
The scorpion stings you but does no damage.
The gnoll hits you with a +0 halberd.
* * * LOW HITPOINT WARNING * * *
The scorpion stings you but does no damage.
The gnoll hits you with a +0 halberd.
* * * LOW HITPOINT WARNING * * *
Okay, then.
Okay, then.
Your skin crawls.
You feel strong-willed. The scorpion closely misses you.
The gnoll hits you with a +0 halberd!
* * * LOW HITPOINT WARNING * * *
The scorpion stings you but does no damage.
You hit the gnoll. You headbutt the gnoll.
The gnoll is severely wounded.
The gnoll closely misses you.
The scorpion stings you but does no damage.
The gnoll barely misses you. The gnoll hits you with a +0 halberd.
You die...

#..............##.#............
##..........##.................
#...........#.................
#.....###...#...###...........
#....## ##.......#.... #...##
##........... #....#
#........... ......
##.)s........ ......
#.).g@.###.. ... .......g.##
............ ............∩
........#.....# .......##.#####
...#... ... #### ...


You could see a scorpion and 2 gnolls.

Vanquished Creatures
  Grinder (D:4)
  Duvessa (D:4)
  A black bear (D:4)
  Dowan (D:4)
  2 hounds
  An orc priest (D:4)
  An iguana (D:3)
  4 adders
  3 gnolls (D:5)
  A white imp (D:5)
  3 worms
  3 dart slugs
  4 orcs (D:4)
  5 ball pythons
  7 endoplasms
  3 giant cockroaches
  4 goblins
  8 hobgoblins
  2 jackals (D:1)
  7 kobolds
  4 quokkas
  5 bats
  3 frilled lizards
  6 rats
80 creatures vanquished.

Notes
Turn   | Place    | Note
-------+----------+-------------------------------------------
     0 | D:1      | siradein the Demonspawn Berserker began the quest for the
                  | Orb.
     0 | D:1      | Reached XP level 1. HP: 18/18 MP: 1/1
   238 | D:1      | Discovered your monstrous ancestry.
   238 | D:1      | Gained mutation: You have a pair of small horns on your
                  | head. [demonic ancestry]
   238 | D:1      | Reached XP level 2. HP: 12/24 MP: 2/2
   572 | D:1      | You fall into a shaft and drop 1 floor!
  1001 | D:1      | Gained mutation: Your demonic aura sometimes causes spilled
                  | blood to erupt in flames. [demonic ancestry]
  1001 | D:1      | Reached XP level 3. HP: 23/29 MP: 3/3
  1129 | D:1      | Found Ocruwkiq's Weapon Boutique.
  1235 | D:1      | Reached ** piety under Trog
  1571 | D:2      | Found a faded altar of an unknown god.
  2716 | D:3      | Reached skill level 1 in Unarmed Combat
  2716 | D:3      | Gained mutation: Your touch may inflict minor irresistible
                  | damage on your foes. [demonic ancestry]
  2716 | D:3      | Reached XP level 4. HP: 35/35 MP: 4/4
  2798 | D:3      | Found a burning altar of Makhleb.
  3348 | D:3      | Found an iron altar of Okawaru.
  3357 | D:4      | Found a stormy altar of Qazlal.
  3363 | D:4      | Found a blossoming altar of Fedhas.
  3401 | D:4      | Noticed a black bear
  3409 | D:4      | Killed a black bear
  3410 | D:4      | Reached skill level 4 in Fighting
  3410 | D:4      | Gained mutation: You have a pair of horns on your head.
                  | [demonic ancestry]
  3410 | D:4      | Reached XP level 5. HP: 34/42 MP: 5/5
  3510 | D:4      | Noticed Grinder
  3796 | D:4      | Paralysed by Grinder for 4 turns
  3806 | D:4      | Killed Grinder
  3807 | D:4      | Gained mutation: You have large cloven feet. [demonic
                  | ancestry]
  3807 | D:4      | Reached XP level 6. HP: 49/49 MP: 6/6
  3969 | D:4      | Noticed Dowan
  3969 | D:4      | Noticed Duvessa
  3991 | D:4      | Killed Duvessa
  3992 | D:4      | Gained mutation: Your demonic aura often causes spilled
                  | blood to erupt in flames. [demonic ancestry]
  3992 | D:4      | Reached XP level 7. HP: 55/55 MP: 7/7
  3995 | D:4      | Killed Dowan
  4455 | D:5      | Entered Level 5 of the Dungeon
  4462 | D:5      | Reached skill level 5 in Fighting
  4503 | D:5      | Found Fompu's Antique Weapon Emporium.
  4515 | D:5      | HP: 2/56 [gnoll/+0 halberd (7)]
  4516 | D:5      | Slain by a gnoll

Illustrated notes

Levels and vault maps discovered:
D:1:      lemuel_arrival_muddy, layout_rooms, serial_shops,
          nicolae_shop_temple_entry_statues_fountains
D:2:      layout_loops_ring, hellmonk_ecumenical_altar_slurped_away
D:3:      layout_basic, mainiacjoe_overflow_small_starburst,
          kennysheep_okawaru_gauntlet, due_unseen_surprise
D:4:      black_bear_nest_1, layout_rooms,
          grunt_temple_overflow_forces_of_nature, uniq_duvessa, uniq_grinder
D:5:      layout_cave_pools, mainiacjoe_overflow_tiny_flanked,
          serial_gnoll_camp, gnoll_camp_mini_sergeant, gnoll_camp_mini_house,
          gnoll_camp_mini_loothouse, gnoll_camp_huts_moat, gnoll_camp_mini_shop,
          kennysheep_opposing_triangles, uniq_ijyb, uniq_edmund

Skill      XL: |  1  2  3  4  5  6  7 |
---------------+----------------------+-----
Armour         | 2 3 4 |  4.0
Dodging        | 2 3 4 |  4.0
Unarmed Combat | 1 2 3 |  3.2
Fighting       | 4 5 |  5.0
Axes           | |  2.9

Action                   |  1- 3 |  4- 6 |  7- 9 || total
-------------------------+-------+-------+-------++-------
Melee: Hand axe          |    18 |    21 |       ||    39
       Unarmed           |   182 |    38 |    53 ||   273
       Headbutt          |    42 |    14 |    11 ||    67
       Touch             |       |    10 |     7 ||    17
Throw: Boomerang         |       |     2 |       ||     2
Invok: Berserk           |       |     2 |     1 ||     3
       Trog's Hand       |       |       |     1 ||     1
Armor: Ring mail         |    70 |       |       ||    70
       Animal skin       |     1 |       |       ||     1
       Chain mail        |    13 |    34 |    30 ||    77
Dodge: Dodged            |   132 |    31 |    24 ||   187

Table legend: (Time is in decaauts)
 A = Elapsed time spent in this place.
 B = Non-inter-level travel time spent in this place.
 C = Inter-level travel time spent in this place.
 D = Time resting spent in this place.
 E = Time spent auto-exploring this place.
 F = Levels seen in this place.
 G = Mean time per level.
                   A        B        C        D        E       F      G
               +--------+--------+--------+--------+--------+-----+--------+
         Total |   4541 |   4464 |     77 |    467 |   3083 |   5 |  908.2 |
       Dungeon |   4541 |   4464 |     77 |    467 |   3083 |   5 |  908.2 |
               +--------+--------+--------+--------+--------+-----+--------+

Top non-repeatable levels by time:
     D:1: 1327 daAuts
     D:3: 1170 daAuts
     D:2: 1139 daAuts
     D:4: 844 daAuts
     D:5: 59 daAuts
